 Dungeon Crawl Stone Soup version 0.17-a0-1719-g1afd5a1 (webtiles) character file.

82 kosy22 the Skirmisher (level 4, 0/41 HPs)
             Began as a Hill Orc Berserker on Aug 28, 2015.
             Was a Believer of Trog.
             Slain by Natasha (4 damage)
             ... on level 2 of the Dungeon.
             The game lasted 00:08:12 (2419 turns).

kosy22 the Skirmisher (Hill Orc Berserker)          Turns: 2419, Time: 00:08:12

Health: 0/41       AC:  7    Str: 18 (20) XL:     4   Next: 43%
Magic:  4/4        EV: 10    Int: 12      God:    Trog [**....]
Gold:   42         SH:  0    Dex: 10      Spells: 0 memorised, 3 levels left

rFire  . . .     SeeInvis .     i - +0 mace
rCold  . . .     Clarity  .     h - +1 scale mail
rNeg   . . .     SustAt   .     (no shield)
rPois  .         Gourm    .     (no helmet)
rElec  .         Spirit   .     (no cloak)
rCorr  .         Warding  .     (no gloves)
rMut   .         Stasis   .     (no boots)
MR     .....                    (no amulet)
Stlth  ..........               (no ring)
                                (no ring)

@: brilliant, about to teleport, very slightly contaminated, slowed, very slow,
not resistant to hostile enchantments, extremely unstealthy
A: no striking features
a: Burn Spellbooks, Berserk, Trog's Hand, Renounce Religion


You were on level 2 of the Dungeon.
You worshipped Trog.
Trog was pleased with you.
You were hungry.

You visited 1 branch of the dungeon, and saw 3 of its levels.

You collected 42 gold pieces.

Inventory:

Hand weapons
 a - a +0 falchion
 i - a +0 mace (weapon)
 m - a +0 hand axe
Missiles
 n - 5 tomahawks (quivered)
 o - 7 javelins of penetration
Armour
 b - a +0 animal skin
 h - a +1 scale mail (worn)
Scrolls
 d - 2 scrolls of recharging
 k - a scroll of teleportation
 q - 2 scrolls of identify
Potions
 e - a potion of agility
Comestibles
 c - a bread ration


   Skills:
 + Level 4.7 Fighting
 + Level 3.5 Long Blades
 + Level 0.4 Maces & Flails
 + Level 2.9 Armour
 + Level 2.3 Dodging
 + Level 0.1 Stealth


You had 3 spell levels left.
You didn't know any spells.

Dungeon Overview and Level Annotations

Branches:
Dungeon (3/15)

Altars:

Annotations:
D:2 Natasha


Message History

Identify which item? (\ to view known items) (? for menu, Esc to quit)
d - 2 scrolls of recharging The crimson imp blinks!
The crimson imp closely misses you. Natasha claws you but does no damage.
Natasha closely misses you.
The crimson imp hits you but does no damage.
Read which item? (? for menu, Esc to quit)
You aren't carrying any rechargeable items.
Read which item? (? for menu, Esc to quit)
As you read the scroll labeled ANUXTOE WURGHE, it crumbles to dust.
You feel strangely unstable.
It was a scroll of teleportation.
The crimson imp barely misses you.
Natasha mewls in sadness.
Natasha claws you.
* * * LOW HITPOINT WARNING * * *
Unknown command.
Read which item? (? for menu, Esc to quit)
Okay, then.
The crimson imp hits you but does no damage.
Natasha claws you.
You die...

,** ###### ,,* ##....##
..# ######......##
..######....>.......##
.###.................#
..#.................###
..#..##...............#
..#..##.$#.....5h..##.#*
.##....##.......@..#*,.#
..#....##........5.#**,#**
#....##..##.##.....#**,,,*
#....#*..##.##.#.....,,*,*
##............#.......,,,*
#.#.......,##,##.#.....,*
#.###..##,,**,**..##...,*
#..**....,,,,,,,..**?..,*
##.**###.#*,,,,,,*,,*,,,*


You could see Natasha and 2 crimson imps.

Vanquished Creatures
  Terence (D:2)
  2 adders (D:2)
  2 oozes (D:1)
  A worm (D:1)
  A giant gecko (D:1)
  2 giant cockroaches
  6 bats
  A giant newt (D:1)
  6 goblins
  5 kobolds
  3 rats (D:1)
30 creatures vanquished.

Notes
Turn   | Place    | Note
--------------------------------------------------------------
     0 | D:1      | kosy22 the Hill Orc Berserker began the quest for the Orb.
     0 | D:1      | Reached XP level 1. HP: 19/19 MP: 1/1
   416 | D:1      | Reached XP level 2. HP: 25/27 MP: 2/2
   420 | D:1      | Reached skill level 4 in Fighting
  1077 | D:1      | Reached XP level 3. HP: 30/34 MP: 3/3
  1442 | D:2      | Noticed Terence
  1460 | D:2      | Killed Terence
  1472 | D:2      | Reached XP level 4. HP: 27/41 MP: 4/4
  1617 | D:2      | Acquired Trog's second power
  2356 | D:2      | Noticed Natasha
  2419 | D:2      | Slain by Natasha

Vault maps used:
D:1:      ncdulo_wetmaze, glass_columns_a
D:2:      minivault_27, minivault_24, hangedman_decor_growths, minivault_4,
          corexii_hall_statues_i, hangedman_decor_lopped, uniq_jessica,
          uniq_terence, uniq_iyjb, uniq_natasha
D:3:      nicolae_overflow_crystal_walls, overflow_temple_1_default,
          first_bread, okawaru_gym_becter, uniq_crazy_yiuf_cottage, uniq_robin

Action                   |  1- 3 |  4- 6 || total
-------------------------+-------+-------++-------
Melee: Falchion          |    11 |       ||    11
       Mace              |    92 |    46 ||   138
  Use: Potion            |       |     8 ||     8
       Scroll            |       |     5 ||     5
  Eat: Bread ration      |     1 |       ||     1
